 Dungeon Crawl Stone Soup version 0.31-a0-564-g3b7de120b3 (webtiles) character file.

Game seed: 11738901274340090145

11404 BrainTurd the Bludgeoner (level 11, -6/94 HPs)
             Began as a Troll Fighter on Aug 17, 2023.
             Was a High Priest of Okawaru.
             Mangled by a boulder beetle (18 damage)
             ... on level 11 of the Dungeon on Aug 18, 2023.
             The game lasted 00:52:58 (9382 turns).

BrainTurd the Bludgeoner (Troll Fighter)            Turns: 9382, Time: 00:52:59

Health: -6/94      AC: 21    Str: 28    XL:     11   Next: 48%
Magic:  8/10       EV: 10    Int:  6    God:    Okawaru [*****.]
Gold:   637        SH:  9    Dex:  9    Spells: 10/10 levels left

rFire   + . .        F - +1 flail (protect)
rCold   + . .        c - +0 kite shield
rNeg    + . .        B - +2 robe {rN+}
rPois   .            (helmet restricted)
rElec   .            q - scarf {rC+ rF+}
rCorr   .            (gloves unavailable)
SInv    .            (boots unavailable)
Will    .....        j - amulet of the acrobat
Stlth   +++          b - +4 ring of protection
HPRegen 1.15/turn    J - +4 ring of protection
MPRegen 0.12/turn

%: acrobat
@: heroic, under a protective aura
A: large, unfitting armour, claws 3, regeneration 1, shaggy fur 1, tough skin 1
a: Renounce Religion, Heroism, Finesse, Duel


You were on level 11 of the Dungeon.
You worshipped Okawaru.
Okawaru was extremely pleased with you.
You visited 2 branches of the dungeon, and saw 12 of its levels.

You collected 637 gold pieces.

Inventory:

Hand Weapons
 a - a +0 giant club
 F - a +1 flail of protection (weapon)
Missiles
 s - 8 boomerangs (quivered)
 H - a throwing net
 T - 2 silver javelins
Armour
 c - a +0 kite shield (worn)
 q - a scarf of resistance (worn)
 B - a +2 robe of positive energy (worn)
 L - an orb of energy
 O - +0 steam dragon scales
 U - a +2 robe of willpower
Jewellery
 b - a +4 ring of protection (left claw)
 f - a ring of protection from fire
 j - an amulet of the acrobat (around neck)
 t - the ring of Soloduj {EV+5 Str+5 Int-5 Stlth+}
   (You found it on level 3 of the Dungeon)

   [ring of evasion]

   EV+5:      It affects your evasion (+5).
   Str+5:     It affects your strength (+5).
   Int-5:     It affects your intelligence (-5).
   Stlth+:    It makes you more stealthy.
 u - a ring of protection from cold
 J - a +4 ring of protection (right claw)
Wands
 A - a wand of light (11)
 E - a wand of charming (10)
 G - a wand of flame (16)
Scrolls
 e - 10 scrolls of identify {unknown}
 h - 2 scrolls of poison {unknown}
 l - 4 scrolls of revelation {unknown}
 m - a scroll of brand weapon {unknown}
 o - 2 scrolls of silence {unknown}
 w - 2 scrolls of noise {unknown}
 y - 5 scrolls of teleportation {unknown}
 z - a scroll of enchant armour {unknown}
 C - 3 scrolls of amnesia {unknown}
 D - a scroll of enchant weapon {unknown}
 I - a scroll of immolation {unknown}
 M - a scroll of blinking {unknown}
 P - a scroll of vulnerability {unknown}
 Q - a scroll of fog {unknown}
 S - a scroll of butterflies {unknown}
Potions
 d - a potion of might
 g - 6 potions of curing {unknown}
 i - a potion of resistance {unknown}
 k - 3 potions of brilliance {unknown}
 n - a potion of mutation {unknown}
 p - a potion of attraction {unknown}
 r - a potion of lignification {unknown}
 v - 2 potions of enlightenment {unknown}
 x - a potion of degeneration {unknown}
 K - a potion of haste {unknown}
 N - 8 potions of ambrosia
 R - a potion of cancellation {unknown}


   Skills:
 - Level 2.4(7.4) Fighting
 + Level 16.6(21.6) Maces & Flails
 - Level 2.4(7.4) Dodging
 - Level 2.6(7.6) Shields


You had 10 spell levels left.
You didn't know any spells.
Your spell library contained the following spells:

 Spells                   Type           Power      Damage    Failure   Level
 Dazzling Flash           Conj/Hex       0%         N/A       95%         3
 Portal Projectile        Hex/Tloc       0%         N/A       95%         3
 Leda's Liquefaction      Hex/Erth       0%         N/A       100%        4
 Agony                    Necr           0%         N/A       100%        5
 Silence                  Hex/Air        0%         N/A       100%        5
 Borgnjor's Revivificati  Necr           0%         N/A       100%        8
 Death's Door             Necr           0%         N/A       100%        9
 Summon Small Mammal      Summ           Unusable   N/A       N/A         1
 Call Canine Familiar     Summ           Unusable   N/A       N/A         3
 Summon Guardian Golem    Hex/Summ       Unusable   N/A       N/A         3
 Haunt                    Necr/Summ      Unusable   N/A       N/A         7

Dungeon Overview and Level Annotations

Branches:
Dungeon (11/15)            Temple (1/1) D:7            Lair (0/5) D:8
    Orc (0/2) D:11

Altars:
Ashenzari
Cheibriados
Dithmenos
Elyvilon
Fedhas
Gozag
Hepliaklqana
Kikubaaqudgha
Makhleb
Nemelex Xobeh
Okawaru
Qazlal
Ru
Sif Muna
Trog
Uskayaw
Vehumet
Wu Jian
Xom
Yredelemnul
Zin
The Shining One

Shops:
D:2 :   D:9 :

Annotations:
D:6 Jeremiah
D:9 1 runed translucent door, Shard1697's ghost, novice DrSh
D:10 Harold


Innate Abilities, Weirdness & Mutations

You are too large for most types of armour.
You have claws for hands.
Your natural rate of healing is unusually fast.
You are covered in fur. (AC +1)
You have tough skin. (AC +1)


Message History

Okay, then.
You hit the boulder beetle.
The boulder beetle is moderately wounded.
You block the boulder beetle's attack.
You hit the boulder beetle but do no damage.
The boulder beetle is moderately wounded.
The boulder beetle bites you!
* * * LOW HITPOINT WARNING * * *
The gargoyle misses you.
Okay, then.
Okay, then.
Okay, then.
Okay, then.
Okay, then.
You gain the combat prowess of a mighty hero.
The boulder beetle completely misses you.
You block the gargoyle's attack.
You fail to use your ability.
The boulder beetle bites you but does no damage.
A gargoyle comes into view. It is wielding a +0 flail.
The gargoyle hurls a stone arrow at you.
The stone arrow misses you.
Unknown command.
You hit the boulder beetle but do no damage.
The boulder beetle is moderately wounded.
You hit the boulder beetle but do no damage.
The boulder beetle is moderately wounded.
The boulder beetle closely misses you. The gargoyle barely misses you.
Unknown command.
You sock the boulder beetle!
The boulder beetle is moderately wounded.
The boulder beetle bites you but does no damage.
The gargoyle hits you with a +0 mace!
* * * LOW HITPOINT WARNING * * *
You barely miss the boulder beetle.
The boulder beetle is moderately wounded.
You block the boulder beetle's attack. You block the gargoyle's attack.
The boulder beetle attacks as you move away!
The boulder beetle bites you!!
You die...

########.........
...... #.........
...... #.........
...... #.........
...... #.........
...... #.........
......
########)........
......
........)###+####
+##### ........@#
.......9B#
.........'
.........#######
##.......9......
#.........o$$..
#.........$....
#..............
#..............


You could see a boulder beetle and 2 gargoyles.

Vanquished Creatures
  Sonja (D:10)
  Nergalle (D:10)
  Pikel (D:4)
  A gargoyle (D:11)
  A queen bee (D:9)
  A troll (D:11)
  Grinder (D:3)
  2 hornets
  Sigmund (D:4)
  17 yaks
  A wyvern (D:9)
  3 wraiths
  3 steam dragons
  Edmund (D:6)
  2 water moccasins
  Duvessa (D:5)
  A sky beast (D:7)
  2 orc warriors
  5 ice beasts
  An ogre (D:7)
  4 centaurs
  3 lemures
  2 phantoms (D:5)
  A kobold brigand (D:9)
  3 bullfrogs
  A gnoll sergeant (D:10)
  A scorpion (D:7)
  14 wights
  Dowan (D:5)
  25 killer bees (D:9)
  4 howler monkeys
  2 hounds (D:5)
  A jelly (D:6)
  4 orc priests
  A gnoll bouda (D:5)
  5 iguanas
  A sleepcap (D:5)
  Jessica (D:2)
  5 orc wizards
  Robin (D:4)
  12 gnolls
  5 adders
  A shadow imp (D:6)
  A white imp (D:5)
  4 worms
  4 dart slugs
  34 orcs
  7 bats
  8 endoplasms
  4 giant cockroaches
  13 goblins
  9 hobgoblins
  3 jackals (D:1)
  A quokka (D:4)
  6 ball pythons
  4 frilled lizards
  14 kobolds
  6 rats
263 creatures vanquished.

Notes
Turn   | Place    | Note
-------+----------+-------------------------------------------
     0 | D:1      | BrainTurd the Troll Fighter began the quest for the Orb.
     0 | D:1      | Reached XP level 1. HP: 22/22 MP: 0/0
    29 | D:1      | Reached skill level 2 in Maces & Flails
    63 | D:1      | Reached XP level 2. HP: 29/29 MP: 1/1
   325 | D:1      | Reached skill level 3 in Maces & Flails
   383 | D:1      | Reached XP level 3. HP: 32/36 MP: 2/2
   636 | D:2      | Noticed Jessica
   645 | D:2      | Killed Jessica
   667 | D:2      | Found a glowing silver altar of Zin.
   725 | D:2      | Reached XP level 4. HP: 41/44 MP: 3/3
   777 | D:2      | Reached skill level 4 in Maces & Flails
  1116 | D:2      | Found Ebugie's Book Shop.
  1584 | D:3      | Found a shimmering altar of Xom.
  1648 | D:3      | Identified the ring of Soloduj {EV+5 Str+5 Int-5 Stlth+}
  1648 | D:3      | Noticed Grinder
  1648 | D:3      | Paralysed by Grinder for 4 turns
  1673 | D:3      | Killed Grinder
  1674 | D:3      | Reached skill level 6 in Maces & Flails
  1674 | D:3      | Reached XP level 5. HP: 37/50 MP: 4/4
  1674 | D:3      | Reached XP level 6. HP: 44/59 MP: 5/5
  2334 | D:4      | Noticed Pikel
  2664 | D:4      | Killed Pikel
  2665 | D:4      | Reached skill level 8 in Maces & Flails
  2665 | D:4      | Reached XP level 7. HP: 23/66 MP: 6/6
  2731 | D:4      | Noticed Sigmund
  2732 | D:4      | Noticed Robin
  2867 | D:4      | Killed Robin
  2993 | D:4      | Killed Sigmund
  2994 | D:4      | Reached XP level 8. HP: 61/74 MP: 7/7
  3060 | D:5      | Entered Level 5 of the Dungeon
  3079 | D:5      | Reached skill level 9 in Maces & Flails
  3674 | D:5      | Reached skill level 10 in Maces & Flails
  3970 | D:5      | Noticed Duvessa
  3970 | D:5      | Noticed Dowan
  3988 | D:5      | Killed Duvessa
  4000 | D:5      | Killed Dowan
  4326 | D:6      | Noticed Jeremiah
  4599 | D:5      | Reached skill level 11 in Maces & Flails
  4599 | D:5      | Reached XP level 9. HP: 65/80 MP: 8/8
  5122 | D:6      | Noticed Edmund
  5141 | D:6      | Killed Edmund
  5343 | D:7      | Reached skill level 12 in Maces & Flails
  5553 | D:7      | Found a staircase to the Ecumenical Temple.
  5563 | Temple   | Entered the Ecumenical Temple
  5605 | Temple   | Became a worshipper of Warmaster Okawaru
  5906 | D:7      | Found a sacrificial altar of Ru.
  5912 | D:7      | Found a burning altar of Makhleb.
  5914 | D:7      | Found a broken altar of Ashenzari.
  5915 | D:7      | Found a basalt altar of Yredelemnul.
  6308 | D:8      | Reached * piety under Okawaru
  6309 | D:8      | Reached skill level 13 in Maces & Flails
  6409 | D:8      | Found a staircase to the Lair.
  6486 | D:8      | Reached XP level 10. HP: 88/88 MP: 9/9
  6955 | D:9      | Reached ** piety under Okawaru
  6997 | D:9      | Reached skill level 14 in Maces & Flails
  7200 | D:9      | Reached *** piety under Okawaru
  7649 | D:9      | Reached skill level 15 in Maces & Flails
  7707 | D:9      | Found Qefoniri's Book Emporium.
  7765 | D:9      | Reached **** piety under Okawaru
  7766 | D:9      | Reached XP level 11. HP: 82/94 MP: 10/10
  7847 | D:9      | Found a runed translucent door.
  7848 | D:9      | Noticed Shard1697's ghost (novice DrSh)
  7929 | D:10     | Entered Level 10 of the Dungeon
  8016 | D:10     | Noticed Sonja
  8023 | D:10     | Killed Sonja
  8306 | D:10     | Received a gift from Okawaru
  8325 | D:10     | Found a blossoming altar of Fedhas.
  8415 | D:10     | Reached skill level 16 in Maces & Flails
  8634 | D:10     | Noticed Nergalle
  8811 | D:10     | Killed Nergalle
  8811 | D:10     | Reached ***** piety under Okawaru
  8889 | D:10     | Noticed Harold
  9334 | D:11     | Found a staircase to the Orcish Mines.
  9371 | D:11     | Noticed a boulder beetle
  9382 | D:11     | Mangled by a boulder beetle

Illustrated notes

Levels and vault maps discovered:
D:1:      amcnicky_arrival_feature_with_door, layout_rooms, minmay_misc_feat_chi
D:2:      layout_loops_ring, basic_altar, serial_shops,
          nicolae_book_shop_shelving, uniq_jessica
D:3:      layout_basic, mainiacjoe_overflow_catwalk, uniq_grinder
D:4:      layout_basic, uniq_sigmund, uniq_robin, uniq_pikel
D:5:      dreamdust_elfheim, layout_basic
D:6:      layout_rooms, uniq_jeremiah, uniq_edmund
D:7:      layout_basic, minitemple, minmay_temple_entry_mist
D:8:      layout_rooms, lair_entry_dummy
D:9:      layout_roguey [special_room_bee], gammafunk_ghost_grave,
          serial_aquarium, aquarium_bridge_island_small
          [aquarium_subvault_small_water, aquarium_subvault_wall,
          aquarium_subvault_window, aquarium_subvault_bridge,
          aquarium_subvault_window], aquarium_bridge_straight
          [aquarium_subvault_bridge, aquarium_subvault_window,
          aquarium_subvault_bridge, aquarium_subvault_wall], aquarium_window_1,
          aquarium_window_corner, aquarium_view_2c, aquarium_balcony_3b,
          aquarium_pool_2, serial_shops, shop, dreamdust_wishing_well
D:10:     layout_layer_cave, amcnicky_altar_gilded, uniq_nergalle, uniq_sonja,
          uniq_harold
D:11:     layout_gridville, orc_david_3, uniq_erolcha
Temple:   kb_temple_of_zot

Skill      XL: |  1  2  3  4  5  6  7  8  9 10 11 |
---------------+----------------------------------+-----
Maces & Flails | 2 3 6 8 11 13 15 16 | 16.6
Fighting       | |  2.4
Dodging        | |  2.4
Shields        | |  2.6

Action                     |  1- 3 |  4- 6 |  7- 9 | 10-12 || total
---------------------------+-------+-------+-------+-------++-------
  Melee: Flail             |    84 |   152 |   524 |   536 ||  1296
  Throw: Boomerang         |       |       |     8 |       ||     8
 Invoke: Heroism           |       |       |       |     1 ||     1
  Evoke: Wand              |       |       |       |     7 ||     7
   Stab: Invisible         |       |       |       |     5 ||     5
 Armour: Robe              |    31 |    32 |   139 |   258 ||   460
  Dodge: Dodged            |    26 |    51 |   209 |   210 ||   496
  Block: Kite shield       |    29 |    52 |   184 |   191 ||   456

Table legend: (Time is in decaauts)
 A = Elapsed time spent in this place.
 B = Non-inter-level travel time spent in this place.
 C = Inter-level travel time spent in this place.
 D = Time resting spent in this place.
 E = Time spent auto-exploring this place.
 F = Levels seen in this place.
 G = Mean time per level.
                   A        B        C        D        E       F      G
               +--------+--------+--------+--------+--------+-----+--------+
         Total |   9372 |   8204 |   1168 |    168 |   5420 |  12 |  781.0 |
       Dungeon |   9300 |   8160 |   1140 |    168 |   5420 |  11 |  845.5 |
        Temple |     71 |     43 |     28 |      0 |      0 |   1 |   71.0 |
               +--------+--------+--------+--------+--------+-----+--------+

Top non-repeatable levels by time:
     D:5: 1524 daAuts
     D:9: 1467 daAuts
     D:3: 1314 daAuts
    D:10: 861 daAuts
     D:4: 730 daAuts
     D:7: 720 daAuts
     D:6: 648 daAuts
     D:2: 609 daAuts
     D:1: 601 daAuts
     D:8: 548 daAuts
    D:11: 272 daAuts
  Temple: 71 daAuts
